 Dungeon Crawl Stone Soup version 0.29.1-2-gbd0b4ee654 (webtiles) character file.

Game seed: 11502915135359532741

702 MrSixtyFour the Magician (level 7, -10/33 HPs)
             Began as a Spriggan Venom Mage on Nov 25, 2022.
             Was an Initiate of Vehumet.
             Shot with an arrow by a centaur (12 damage)
             ... on level 5 of the Dungeon.
             The game lasted 00:34:22 (6085 turns).

MrSixtyFour the Magician (Spriggan Venom Mage)      Turns: 6085, Time: 00:34:22

Health: -10/33     AC:  2    Str:  4    XL:     7   Next: 38%
Magic:  1/16       EV: 17    Int: 25    God:    Vehumet [......]
Gold:   206        SH:  0    Dex: 15    Spells: 11/16 levels left

rFire   + . .      SeeInvis +   h - +1 sling
rCold   x . .      Faith    .   (no shield)
rNeg    . . .      Spirit   .   a - +0 robe
rPois   .          Reflect  .   (helmet restricted)
rElec   .          Harm     .   (no cloak)
rCorr   .          Rampage  .   (gloves unavailable)
Will    +....                   (boots unavailable)
Stlth   +++.......              (no amulet)
HPRegen 0.11/turn               k - +6 ring of intelligence
MPRegen 0.15/turn               c - ring of fire

@: very quick
A: very small, no large weapons, unfitting armour, see invisible, speed 3
a: Renounce Religion


You were on level 5 of the Dungeon.
You worshipped Vehumet.
Vehumet was noncommittal.
You visited 1 branch of the dungeon, and saw 5 of its levels.

You collected 206 gold pieces.

Inventory:

Hand Weapons
 h - a +1 sling (weapon)
Missiles
 d - 18 poisoned darts
 g - 4 boomerangs
 j - 43 stones
 s - 2 silver boomerangs
Armour
 a - a +0 robe (worn)
Jewellery
 c - a ring of fire (right hand)
 k - a +6 ring of intelligence (left hand)
Scrolls
 f - a scroll of amnesia
 o - a scroll of magic mapping
 r - a scroll of fog
 t - a scroll of blinking {unknown}
 u - a scroll of identify
Potions
 b - 2 potions of magic
 e - 2 potions of heal wounds
 i - 2 potions of haste
 l - a potion of might
 m - a potion of degeneration {unknown}
 n - a potion of experience {unknown}
 p - 2 potions of lignification
 q - a potion of resistance


   Skills:
 + Level 1.3 Fighting
 + Level 4.0 Ranged Weapons
 + Level 3.2 Dodging
 + Level 3.8 Stealth
 + Level 5.4 Spellcasting
 * Level 2.4 Necromancy
 - Level 1.7 Transmutations
 + Level 1.1 Air Magic
 + Level 4.4 Poison Magic


You had 11 spell levels left.
You knew the following spells:

 Your Spells              Type           Power      Damage    Failure   Level
a - Sting                 Tmut/Pois      88%        1d7       2%          1
b - Sublimation of Blood  Necr           18%        N/A       4%          2
c - Poisonous Vapours     Pois/Air       40%        N/A       3%          2

Your spell library contained the following spells:

 Spells                   Type           Power      Damage    Failure   Level
 Necrotise                Necr           72%        1d7       3%          1
 Wereblood                Tmut           15%        N/A       6%          2
 Vampiric Draining        Necr           18%        2d7       9%          3
 Mephitic Cloud           Conj/Pois/Air  16%        N/A       11%         3
 Olgreb's Toxic Radiance  Pois           28%        N/A       13%         4
 Agony                    Necr           18%        N/A       63%         5
 Summon Hydra             Summ           3%         N/A       100%        7


Dungeon Overview and Level Annotations

Branches:
Dungeon (5/15)             Temple (0/1) D:4

Altars:
Makhleb
Vehumet

Annotations:
D:4 Eustachio


Innate Abilities, Weirdness & Mutations

You are very small and have problems with some larger weapons.
You are too small for most types of armour.
You have supernaturally acute eyesight. (SInv)
You cover ground extremely quickly. (Speed+++)


Message History

The arrow completely misses you.
You kill Sigmund!
Vehumet accepts your kill.
Your Ranged Weapons skill increases to level 4!
Your Air Magic skill increases to level 1!
Press: ? - help, v - describe, . - travel The floor.
Okay, then.
The centaur shoots an arrow.
The arrow hits you.
Casting: Poisonous Vapours (safe; 3% risk of failure)
Confirm with . or Enter, or press ? or * to list all spells.
Aiming: Poisonous Vapours (safe; 3% risk of failure)
Press: ? - help, Dir - move target, f - centaur
Aim: a centaur, wielding a +0 shortbow Poisonous vapours surround the centaur!
The centaur is poisoned.
The centaur shoots an arrow.
The arrow hits you!
You see here an adder skeleton.
Casting: Poisonous Vapours (safe; 3% risk of failure)
Confirm with . or Enter, or press ? or * to list all spells.
You can't see any susceptible monsters within range! (Use Z to cast anyway.) Unknown command.
Casting: Poisonous Vapours (safe; 3% risk of failure)
Confirm with . or Enter, or press ? or * to list all spells.
Aiming: Poisonous Vapours (safe; 3% risk of failure)
Press: ? - help, Dir - move target, f/p - centaur
Aim: a centaur, wielding a +0 shortbow (lightly wounded, poisoned) Poisonous vapours surround the centaur!
The centaur looks even sicker.
The centaur shoots an arrow.
The arrow closely misses you.
Casting: Poisonous Vapours (safe; 3% risk of failure)
Confirm with . or Enter, or press ? or * to list all spells.
Aiming: Poisonous Vapours (safe; 3% risk of failure)
Press: ? - help, Dir - move target, f/p - centaur
Aim: a centaur, wielding a +0 shortbow (lightly wounded, very poisoned) Poisonous vapours surround the centaur!
The centaur looks even sicker.
The centaur shoots an arrow.
The arrow misses you.
The centaur shoots an arrow.
The arrow hits you!
* * * LOW HITPOINT WARNING * * *
There is a stone staircase leading up, spattered with blood here.
The centaur shoots an arrow.
The arrow hits you!
You die...

#....#..##.....##..#
#..#.....#.##.#....#
##...#.....##.##...#
##)........##.#....#
##...##..........o.#
##.))##............## #
#.......###.........##.#
...##...##...#.........#
..###....)..##..@...#.##
#.##.....)........### ###
............###....####.###
.............##.#.........#######
....#.....#...#.#..........#....#
..#.#.....#.....................#
.####....................#.#...##
####......#....c.รท......##.#.###
........###.............>#####


You could see a centaur (very poisoned) and an orc wizard.

Vanquished Creatures
  Sigmund (D:5)
  An ogre (D:4)
  2 scorpions
  A necrophage (D:3)
  An orc priest (D:5)
  2 hounds (D:4)
  A jelly (D:4)
  A gnoll bouda (D:4)
  An iguana (D:4)
  2 gnolls
  6 adders
  An ufetubus (D:5)
  A worm (D:3)
  2 dart slugs
  11 orcs
  7 bats
  7 endoplasms
  4 giant cockroaches (D:3)
  5 hobgoblins
  2 jackals (D:5)
  8 kobolds
  3 quokkas
  7 ball pythons
  2 frilled lizards (D:1)
  5 goblins
  10 rats
94 creatures vanquished.

Notes
Turn   | Place    | Note
-------+----------+-------------------------------------------
     0 | D:1      | MrSixtyFour the Spriggan Venom Mage began the quest for the
                  | Orb.
     0 | D:1      | Reached XP level 1. HP: 9/9 MP: 5/5
   186 | D:1      | Reached XP level 2. HP: 13/13 MP: 0/6
   324 | D:1      | Reached skill level 3 in Spellcasting
  1275 | D:1      | Reached XP level 3. HP: 6/16 MP: 3/8
  2386 | D:3      | Found a faded altar of an unknown god.
  2538 | D:3      | Reached XP level 4. HP: 21/21 MP: 4/10
  2645 | D:3      | Noticed a scorpion
  2665 | D:3      | Killed a scorpion
  2666 | D:3      | Reached skill level 1 in Ranged Weapons
  2666 | D:3      | Reached skill level 4 in Spellcasting
  2666 | D:3      | Reached skill level 1 in Necromancy
  2730 | D:3      | Reached XP level 5. HP: 24/24 MP: 9/12
  3348 | D:3      | Learned a level 2 spell: Sublimation of Blood
  3351 | D:3      | Learned a level 2 spell: Poisonous Vapours
  3524 | D:4      | Identified the +1 leather armour of Knowledge {Harm Rampage
                  | rF++ Int-5}
  4046 | D:4      | Found a radiant altar of Vehumet.
  4059 | D:4      | Became a worshipper of Vehumet
  4079 | D:4      | Reached skill level 1 in Fighting
  4079 | D:4      | Reached XP level 6. HP: 30/30 MP: 9/14
  4085 | D:4      | Found a burning altar of Makhleb.
  4085 | D:4      | Noticed a balrug
  4137 | D:4      | Noticed a ynoxinul
  4137 | D:4      | Noticed a smoke demon
  4343 | D:4      | Noticed Eustachio
  4788 | D:4      | Found a staircase to the Ecumenical Temple.
  5001 | D:5      | Entered Level 5 of the Dungeon
  5328 | D:5      | Reached XP level 7. HP: 33/33 MP: 10/15
  5486 | D:4      | Reached skill level 5 in Spellcasting
  6041 | D:5      | Noticed Sigmund
  6070 | D:5      | Killed Sigmund
  6071 | D:5      | Reached skill level 1 in Air Magic
  6081 | D:5      | HP: 1/33 [centaur/arrow (11)]
  6085 | D:5      | Shot with an arrow by a centaur

Illustrated notes

Levels and vault maps discovered:
D:1:      matt_arrival_refuge, layout_basic, minmay_vboxes
D:2:      layout_basic, nicolae_underground_beach
D:3:      layout_basic, basic_ecumenical_altar, minmay_circle_x
D:4:      layout_loops_ring, makhleb_altar_promises_db,
          nicolae_vehumet_altar_sigil, uniq_eustachio
D:5:      layout_cave_pools, uniq_sigmund

Skill      XL: |  1  2  3  4  5  6  7 |
---------------+----------------------+-----
Dodging        | 3 |  3.2
Spellcasting   | 3 4 5 |  5.4
Ranged Weapons | 1 2 3 4 |  4.0
Necromancy     | 1 2 |  2.4
Poison Magic   | 4 |  4.4
Fighting       | 1 |  1.3
Air Magic      | 1 |  1.1
Stealth        | |  3.8
Transmutations | |  1.7

Action                   |  1- 3 |  4- 6 |  7- 9 || total
-------------------------+-------+-------+-------++-------
Melee: Sling             |       |     1 |       ||     1
 Fire: Sling             |    27 |   103 |    10 ||   140
 Cast: Sting             |    69 |    43 |    14 ||   126
       Poisonous Vapours |       |    29 |    21 ||    50
  Use: Scroll            |     9 |     1 |       ||    10
       Potion            |     2 |     1 |       ||     3
Armor: Robe              |     3 |     5 |       ||     8
Dodge: Dodged            |    18 |    35 |    14 ||    67
